 Dungeon Crawl Stone Soup version 0.30-a0-862-g1aabd4f9c5 (webtiles) character file.

Game seed: 4150400513673169917

116 qeuew the Slasher (level 5, -2/30 (31) HPs)
             Began as a Tengu Gladiator on Mar 9, 2023.
             Slain by a wight
             ... wielding a +2 long sword of freezing
              (6 damage)
             ... on level 3 of the Dungeon.
             The game lasted 00:02:01 (1769 turns).

qeuew the Slasher (Tengu Gladiator)                 Turns: 1769, Time: 00:02:03

HP:   -2/30 (31)    AC:  3    Str: 16    XL:     5   Next: 0%
MP:   6/6           EV: 15    Int:  9    God:
Gold: 124           SH:  0    Dex: 15    Spells: 4/4 levels left

rFire   . . .      SeeInvis .    a - +0 long sword (heavy)
rCold   . . .      Faith    .    (no shield)
rNeg    . . .      Spirit   .    b - +0 leather armour
rPois   .          Reflect  .    c - +0 hat
rElec   .          Rampage  .    (no cloak)
rCorr   .                        (no gloves)
Will    .....                    (boots unavailable)
Stlth   +                        (no amulet)
HPRegen 0.25/turn                (no ring)
MPRegen 0.10/turn                (no ring)

@: flying quickly and evasively, lightly drained, quick
A: beak, talons 3, nimble flight
a: no special abilities


You were on level 3 of the Dungeon.
You visited 1 branch of the dungeon, and saw 3 of its levels.

You collected 124 gold pieces.

Inventory:

Hand Weapons
 a - a +0 heavy long sword (weapon)
Missiles
 d - 3 throwing nets (quivered)
 e - 6 javelins
Armour
 b - a +0 leather armour (worn)
 c - a +0 hat (worn)
Potions
 i - a potion of berserk rage


   Skills:
 + Level 2.5 Fighting
 * Level 4.2 Long Blades
 * Level 3.2 Throwing
 + Level 1.3 Armour
 + Level 3.7 Dodging


You had 4 spell levels left.
You didn't know any spells.
Your spell library contained the following spells:

 Spells                   Type           Power      Damage    Failure   Level
 Magic Dart               Conj           0%         1d3       45%         1
 Call Imp                 Summ           0%         N/A       58%         2
 Mephitic Cloud           Conj/Pois/Air  0%         N/A       83%         3


Dungeon Overview and Level Annotations

Branches:
Dungeon (3/15)

Altars:


Innate Abilities, Weirdness & Mutations

You have a beak for a mouth.
You have claws for feet.
Your magical nature lets you fly swiftly and evasively.


Message History

There is an open door here.
Found a stone staircase leading up.
A ball python comes into view.
A ball python is nearby!
The ball python hisses angrily.
The ball python closely misses you. The ball python grabs you.
The ball python constricts you.
You closely miss the ball python. You claw the ball python.
You kill the ball python!
You have reached level 5!
Your magical nature develops, letting you fly swiftly and evasively.
A bat comes into view.
A bat is nearby!
Found a sling.
The bat misses you.
You slash the bat!
You kill the bat!
No target in view!
No target in view!
No target in view!
No target in view!
No target in view!
No target in view!
Found a stone staircase leading down. 2 wights come into view.
A wight is wielding a +2 long sword of freezing.
There are monsters nearby!
There are monsters nearby!
A wight comes into view. It is wielding a +0 great sword.
The wight misses you. 2 jackals come into view.
The jackal barks! x2
The wight closely misses you.
You barely miss the wight. You claw the wight.
You peck the wight, but do no damage.
The wight is lightly damaged.
The wight hits you with a +0 trident!
You feel drained.
The wight hits you with a +2 long sword of freezing!
* * * LOW HITPOINT WARNING * * *
The wight freezes you.
You die...

...#
#.#.####.......#
#### #.#..
...#####.# .♣##
......>#######.#
...#
#........).....#
....# ##
.######..#
≈≈...# ####+##
#..# #≈≈...
....... #..#
#≈≈..
......z####..#
#≈≈
....z.z@..#..#
#≈
.............#
.......#.....#
.###'#h#.......#
#.#.#...##### #
#h###.# .. #.#
.# #.# ..#


You could see 3 wights and 2 jackals.

Vanquished Creatures
  3 gnolls (D:2)
  3 adders
  A worm (D:3)
  2 dart slugs
  5 ball pythons
  4 endoplasms
  3 giant cockroaches
  3 goblins
  7 hobgoblins
  3 jackals (D:1)
  A kobold (D:1)
  4 quokkas
  4 bats
  4 frilled lizards
  3 rats
50 creatures vanquished.

Notes
Turn   | Place    | Note
-------+----------+-------------------------------------------
     0 | D:1      | qeuew the Tengu Gladiator began the quest for the Orb.
     0 | D:1      | Reached XP level 1. HP: 12/12 MP: 2/2
    84 | D:1      | Reached XP level 2. HP: 15/17 MP: 3/3
   499 | D:1      | Reached XP level 3. HP: 21/21 MP: 4/4
   873 | D:2      | Reached skill level 1 in Armour
   876 | D:2      | Reached XP level 4. HP: 25/27 MP: 5/5
  1139 | D:2      | Reached skill level 4 in Long Blades
  1747 | D:3      | Gained mutation: Your magical nature lets you fly swiftly
                  | and evasively. [Tengu growth]
  1747 | D:3      | Reached XP level 5. HP: 31/31 MP: 6/6
  1769 | D:3      | Slain by a wight

Illustrated notes

Levels and vault maps discovered:
D:1:      elethiomel_arrival_infinity_welcomes_careful_drivers, layout_basic,
          corexii_leaking_fountain, minmay_misc_feat_encased
D:2:      layout_loops_ring
D:3:      minmay_diamond_boxcup, layout_basic, kennysheep_donut,
          minmay_snake_closets

Skill      XL: |  1  2  3  4 |
---------------+-------------+-----
Armour         | 1 |  1.3
Long Blades    | 4 |  4.2
Throwing       | 3 |  3.2
Fighting       | |  2.5
Dodging        | |  3.7

Action                     |  1- 3 |  4- 6 || total
---------------------------+-------+-------++-------
  Melee: Long sword        |    74 |    38 ||   112
         Kick              |     9 |     4 ||    13
         Peck              |     7 |     3 ||    10
         Punch             |     1 |     2 ||     3
    Use: Scroll            |     4 |     2 ||     6
         Potion            |     2 |     1 ||     3
   Stab: Sleeping          |     3 |       ||     3
 Armour: Leather armour    |    16 |    10 ||    26
  Dodge: Dodged            |    44 |    37 ||    81

Table legend: (Time is in decaauts)
 A = Elapsed time spent in this place.
 B = Non-inter-level travel time spent in this place.
 C = Inter-level travel time spent in this place.
 D = Time resting spent in this place.
 E = Time spent auto-exploring this place.
 F = Levels seen in this place.
 G = Mean time per level.
                   A        B        C        D        E       F      G
               +--------+--------+--------+--------+--------+-----+--------+
         Total |   1803 |   1762 |     41 |      0 |   1414 |   3 |  601.0 |
       Dungeon |   1803 |   1762 |     41 |      0 |   1414 |   3 |  601.0 |
               +--------+--------+--------+--------+--------+-----+--------+

Top non-repeatable levels by time:
     D:1: 864 daAuts
     D:2: 592 daAuts
     D:3: 345 daAuts
